 Dungeon Crawl Stone Soup version 0.31.0-11-ge490571c62 (webtiles) character file.

Game seed: 4493079077241985616

117 qw the Ducker (level 4, -4/23 HPs)
             Began as a Spriggan Hunter on Feb 4, 2024.
             Killed by nerve-wracking pain
             ... invoked by Grinder
              (9 damage)
             ... while paralysed by Grinder
             ... on level 3 of the Dungeon.
             The game lasted 00:00:34 (1811 turns).

qw the Ducker (Spriggan Hunter)                     Turns: 1811, Time: 00:00:34

Health: -4/23      AC:  2    Str:  7    XL:     4   Next: 71%
Magic:  5/5        EV:  4    Int: 10    God:
Gold:   167        SH:  0    Dex: 20    Spells: 3/3 levels left

rFire   . . .        a - +0 shortbow (freeze)
rCold   . . .        (shield currently unavailable)
rNeg    . . .        c - +0 robe
rPois   .            (helmet restricted)
rElec   .            (no cloak)
rCorr   .            (gloves unavailable)
SInv    +            (boots unavailable)
Will    .....        (no amulet)
Stlth   ++           (no ring)
HPRegen 0.23/turn    (no ring)
MPRegen 0.09/turn

%: no passive effects
@: paralysed, very quick
A: very small, no large weapons, unfitting armour, see invisible, speed 3
a: no special abilities


You were on level 3 of the Dungeon.
You visited 1 branch of the dungeon, and saw 3 of its levels.

You collected 167 gold pieces.


Innate Abilities, Weirdness & Mutations

You are very small and have problems with some larger weapons.
You are too small for most types of armour.
You have supernaturally acute eyesight. (SInv)
You cover ground extremely quickly. (Speed+++)


   Skills:
 + Level 1.7 Fighting
 - Level 5.0 Ranged Weapons
 - Level 5.2 Dodging
 - Level 1.5 Stealth


You had 3 spell levels left.
You didn't know any spells.
Your spell library was empty.

Inventory:

Hand Weapons
 a - a +0 shortbow of freezing (weapon)
Armour
 c - a +0 robe (worn)
Scrolls
 g - a scroll of identify {unknown}
Potions
 b - a potion of degeneration {unknown}
 d - a potion of brilliance {unknown}
 e - a potion of haste {unknown}
 f - a potion of curing {unknown}
 j - a potion of attraction {unknown}

Dungeon Overview and Level Annotations

Branches:
Dungeon (3/15)

Altars:

Shops:
D:2 [

Annotations:
D:3 Grinder


Message History

You shoot an arrow. The arrow hits Grinder.
Grinder is lightly wounded.
You shoot an arrow. The arrow hits Grinder.
Grinder is moderately wounded.
Grinder gestures at you. You resist with some effort.
You shoot an arrow. The arrow barely misses Grinder.
You shoot an arrow. The arrow closely misses Grinder.
Grinder hits you.
You writhe in agony.
You shoot an arrow. The arrow hits Grinder!
Grinder is heavily wounded.
Grinder hits you!
You writhe in agony.
You shoot an arrow. The arrow closely misses Grinder.
The kobold closely misses you. Grinder misses you.
The kobold completely misses you. Grinder barely misses you.
You shoot an arrow. The arrow barely misses Grinder.
Grinder says, "I used to sell toenails on the black market."
Grinder blinks!
The kobold completely misses you.
You shoot an arrow. The arrow hits the kobold!
The arrow freezes the kobold.
You kill the kobold!
You start resting.
Grinder is nearby!
1805 ||| FLEEEEING.
Grinder blinks!
You start resting.
Grinder is nearby!
You shoot an arrow. The arrow closely misses Grinder.
You shoot an arrow. The arrow closely misses Grinder.
Grinder gestures at you. You resist with some effort.
You shoot an arrow. The arrow closely misses Grinder.
Grinder says, "What is the universe for?"
Grinder gestures at you.
You suddenly lose the ability to move!
Grinder gestures at you.
You struggle to resist.
Grinder gestures at you. Pain shoots through your body!
You die...
Grinder says, "Hey, I wasn't done torturing you yet!"

%.....###
#####...# #
###.# # #.# #
#.### # ##
#...##### ##.
|#
###.....###
%.. .##
#####...###.#
..##
###.@.).#
...## ##).5.#
....#
#......##.#
..).#
..###### !.
......# #..
...##.# ..
#### ... . ##
.


You could see Grinder.

Vanquished Creatures
  Natasha (D:3)
  2 adders (D:2)
  A dart slug (D:2)
  A ribbon worm (D:2)
  9 ball pythons
  13 endoplasms
  2 giant cockroaches (D:1)
  5 goblins
  5 hobgoblins
  10 kobolds
  2 quokkas
  4 bats
  7 rats
62 creatures vanquished.

Notes
Turn   | Place    | Note
-------+----------+-------------------------------------------
     0 | D:1      | qw the Spriggan Hunter began the quest for the Orb.
     0 | D:1      | Reached XP level 1. HP: 10/10 MP: 2/2
     0 | D:1      | 0 ||| qw: Version: 0.3-a-160-g6735b56
     0 | D:1      | 0 ||| qw: Game counter: 5774
     0 | D:1      | 0 ||| qw: Melee chars always use a shield: true
     0 | D:1      | 0 ||| qw: God list: Okawaru
     0 | D:1      | 0 ||| qw: Allow faded altars: false
     0 | D:1      | 0 ||| qw: Do Orc after clearing Dungeon:15 true
     0 | D:1      | 0 ||| qw: Do second Lair branch before Depths: true
     0 | D:1      | 0 ||| qw: Lair rune preference: random
     0 | D:1      | 0 ||| qw: Goals: Normal
     0 | D:1      | 0 ||| PLANNING D:1-11
    10 | D:1      | Reached skill level 3 in Dodging
    47 | D:1      | Found a faded altar of an unknown god.
    52 | D:1      | Reached XP level 2. HP: 14/14 MP: 3/3
   102 | D:1      | 102 ||| READING 3 scrolls labelled RIDDEMOREO.
   219 | D:1      | 219 ||| DROPPING scroll of butterflies.
   220 | D:1      | 220 ||| DROPPING 2 scrolls of vulnerability.
   400 | D:1      | Reached XP level 3. HP: 18/18 MP: 4/4
  1170 | D:2      | Reached XP level 4. HP: 18/22 MP: 5/5
  1204 | D:2      | Found Tydylurgh's Antique Armour Shop.
  1670 | D:2      | 1670 ||| DROPPING scarf of invisibility.
  1671 | D:2      | 1671 ||| READING scroll labelled FEIRAC POYVI.
  1672 | D:2      | 1672 ||| READING scroll labelled AXZUS RUUR.
  1673 | D:2      | 1673 ||| READING scroll labelled SUHEPAEHOHE.
  1673 | D:2      | 1673 ||| BRANDING +0 shortbow.
  1674 | D:2      | 1674 ||| DRINKING 2 brown potions.
  1706 | D:3      | Noticed Natasha
  1714 | D:3      | Killed Natasha
  1714 | D:3      | HP: 3/22 [frozen (3)]
  1715 | D:3      | 1715 ||| DRINKING potion of heal wounds.
  1791 | D:3      | Noticed Grinder
  1799 | D:3      | HP: 2/23 [Grinder (4)]
  1805 | D:3      | 1805 ||| FLEEEEING.
  1809 | D:3      | Paralysed by Grinder for 3 turns
  1811 | D:3      | Killed from afar by Grinder

Levels and vault maps discovered:
D:1:      minmay_arrival_nine_rooms, layout_rooms,
          shapermc_ecumenical_altar_rom_forum, minmay_misc_feat_tiny,
          corexii_item_surrounded_by_moat, fountainhead, grunt_decor_cap,
          minivault_27, minmay_tetromino_i4
D:2:      layout_basic, serial_shops, shop
D:3:      layout_rooms, dreamdust_wishing_well, chequers_decorated_corner,
          uniq_natasha, uniq_grinder

Skill      XL: |  1  2  3  4 |
---------------+-------------+-----
Dodging        | 3 4 5 |  5.2
Ranged Weapons | 5 |  5.0
Fighting       | |  1.7
Stealth        | |  1.5

Action                     |  1- 3 |  4- 6 || total
---------------------------+-------+-------++-------
   Fire: Shortbow          |   107 |    40 ||   147
    Use: Scroll            |     1 |     3 ||     4
         Potion            |       |     2 ||     2
 Armour: Robe              |     6 |     6 ||    12
  Dodge: Dodged            |    18 |    12 ||    30

Table legend:
 A = Non-vault XP
 B = Vault XP
 C = Vault XP percentage of total XP
 D = Non-vault monster count
 E = Vault monster count
 F = Vault count percentage of total count
                 A         B        C        D         E       F
            +---------+---------+-------+---------+---------+-------
      Total |     125 |      43 |  25.6 |      57 |       5 |   8.1
            +---------+---------+-------+---------+---------+-------
        D:1 |      49 |       8 |  14.0 |      28 |       4 |  12.5
        D:2 |      67 |       0 |   0.0 |      22 |       0 |   0.0
        D:3 |       9 |      35 |  79.5 |       7 |       1 |  12.5
            +---------+---------+-------+---------+---------+-------
